Map: Cyber Forest LE

Players

Elazer

  • Race: Zerg Zerg
  • Spawn Location: 11:00

goblin - Winner!

  • Race: Protoss Protoss
  • Spawn Location: 5:00

Event: 2019 WCS Summer

VOD

Have the link to the VOD?

Description

Time

  • Played on: July 12, 2019, 3:20 p.m.
  • Length: 6:26

All games in this series

Show
View Real Time Build Order
Export as new Build Order

Elazer Zerg 

Build Orders: Hatch First 

Get SALT Encoding   

  12  0:00  Drone  
  13  0:12  Overlord  
  13  0:17  Drone  
  14  0:30  Drone x2  
  16  0:49  Hatchery  
  15  0:51  Drone  
  15  0:55  Drone  
  17  0:58  Drone  
  18  1:09  Extractor  
  17  1:13  Spawning Pool  
  17  1:17  Drone  
  17  1:20  Drone  
  18  1:28  Drone  
  19  1:38  Drone  
  20  1:49  Drone  
  21  2:01  Zergling x2, Queen x2  
  23  2:03  Overlord  
  26  2:11  Zergling x2  
  26  2:12  Drone  
  28  2:26  Drone  
  28  2:27  Drone  
  28  2:28  Hatchery  
  29  2:33  Drone  
  29  2:34  Drone  
  31  2:40  Queen  
  33  2:44  Metabolic Boost  
  33  2:49  Overlord  
  33  2:52  Drone  
  33  2:55  Drone  
  35  2:58  Drone  
  36  3:08  Drone x5  
  36  3:11  Drone  
  42  3:14  Overlord  
  42  3:23  Lair  
  42  3:27  Queen  
  42  3:33  Drone x3, Extractor  
  46  3:35  Drone  
  46  3:37  Drone  
  46  3:40  Drone x2  
  50  3:43  Drone  
  50  3:47  Drone x2  
  53  3:49  Extractor  
  53  3:51  Drone x2  
  53  3:52  Drone  
  55  3:59  Roach Warren  
  55  4:00  Drone x2  
  56  4:05  Overlord  
  56  4:09  Overlord  
  56  4:10  Zergling x4  
  58  4:17  Overlord  
  58  4:20  Overseer  
  58  4:24  Zergling x8  
  58  4:25  Zergling x4  
  58  4:29  Overlord  
  64  4:40  Roach x5  
  73  4:46  Roach x4  
  73  4:52  Roach x3  
  87  4:58  Roach  
  87  4:59  Overlord  
  89  5:01  Spine Crawler, Ravager  
  89  5:02  Ravager  
  86  5:14  Roach x4  
  79  5:22  Roach  
  79  5:23  Roach x2  
  73  5:29  Overlord  
  73  5:34  Roach  
  73  5:35  Roach x3  
  81  5:39  Roach  
  81  5:41  Zergling x2  
  81  5:42  Zergling x6  
  87  5:49  Roach x2  
  89  6:00  Roach x4  
  81  6:04  Roach  
Show
View Real Time Build Order
Export as new Build Order

goblin Protoss - Winner!

Build Orders: 1 Gate Expand 

Get SALT Encoding   

  12  0:00  Probe  
  13  0:12  Probe  
  14  0:18  Pylon  
  14  0:24  Probe  
  15  0:32  Probe  
  15  0:40  Probe, Gateway  
  16  0:46  Assimilator  
  17  0:51  Probe  
  17  0:55  Assimilator  
  18  1:03  Probe  
  19  1:24  Nexus  
  19  1:27  Probe  
  20  1:37  Cybernetics Core  
  20  1:40  Probe  
  21  1:47  Pylon  
  21  1:50  Probe  
  22  1:58  Probe  
  22  2:03  Stalker  
  22  2:06  Probe  
  26  2:18  Probe, Robotics Facility  
  26  2:21  Warp Gate  
  27  2:31  Probe  
  27  2:32  Probe  
  27  2:33  Adept  
  31  2:40  Probe  
  31  2:43  Probe  
  32  2:47  Twilight Council  
  32  2:50  Probe  
  33  2:55  Probe  
  33  2:56  Warp Prism  
  35  3:02  Probe  
  38  3:05  Sentry  
  40  3:14  Pylon  
  41  3:23  Gateway  
  41  3:25  Charge, Immortal  
  41  3:26  Probe  
  45  3:52  Gateway  
  45  3:53  Gateway  
  45  3:55  Immortal  
  44  4:04  Gateway  
  44  4:09  Gateway  
  48  4:18  Gateway  
  48  4:20  Gateway  
  48  4:23  Pylon  
  48  4:34  Pylon  
  48  4:35  Zealot x2  
  52  4:44  Pylon  
  52  4:58  Zealot x4  
  60  5:00  Zealot  
  60  5:04  Adept  
  64  5:21  Zealot x4  
  56  5:22  Zealot x2  
  56  5:38  Zealot x2  
  56  5:39  Zealot  
  56  5:41  Zealot x3  
  56  5:42  Zealot  
  70  5:44  Zealot  
  70  6:02  Zealot x5  
  68  6:08  Zealot x2  
  64  6:14  Zealot  
Tags
 
Add a new tag
Caveats
  • Supply blocks, unpowered buildings, or Contaminate may cause inaccurate times.
  • Supply counts are checked every 10 seconds.